 Dungeon Crawl Stone Soup version 0.30-a0-883-g5ad918d77d (webtiles) character file.

Game seed: 2829486054951443670

82 Pimp the Firebug (level 4, -7/35 HPs)
             Began as a Draconian Fire Elementalist on Mar 16, 2023.
             Killed by an exploding goblin (39 damage)
             ... ignited by their inner flame
             ... on level 4 of the Dungeon.
             The game lasted 00:06:21 (2413 turns).

Pimp the Firebug (Draconian Fire Elementalist)      Turns: 2413, Time: 00:06:23

Health: -7/35      AC:  5    Str: 16    XL:     4   Next: 21%
Magic:  5/7        EV: 12    Int: 18    God:
Gold:   146        SH:  0    Dex: 11    Spells: 4/7 levels left

rFire   . . .      SeeInvis .    g - +1 short sword (drain)
rCold   . . .      Faith    .    (no shield)
rNeg    . . .      Spirit   .    (body armour unavailable)
rPois   .          Reflect  .    (helmet restricted)
rElec   .          Rampage  .    (no cloak)
rCorr   .                        (no gloves)
Will    .....                    (no boots)
Stlth   ++                       (no amulet)
HPRegen 0.25/turn                j - +6 ring of strength
MPRegen 0.10/turn                (no ring)

@: very slightly contaminated
A: AC +5, unfitting armour, cold-blooded
a: no special abilities


You were on level 4 of the Dungeon.
You visited 1 branch of the dungeon, and saw 4 of its levels.

You collected 146 gold pieces.

Inventory:

Hand Weapons
 a - a +0 dagger
 c - a +0 short sword of speed
 g - a +1 short sword of draining (weapon)
Missiles
 h - 9 boomerangs
Jewellery
 j - a +6 ring of strength (left hand)
 m - a ring of protection from fire
 n - a ring of positive energy
Scrolls
 e - a scroll of fear
 i - a scroll of fog
 l - 2 scrolls of teleportation {unknown}
Potions
 d - a potion of resistance {unknown}
 f - a potion of heal wounds {unknown}
 k - a potion of curing
 o - a potion of berserk rage {unknown}
 p - a potion of brilliance {unknown}
 q - 2 potions of mutation {unknown}


   Skills:
 + Level 1.0 Fighting
 + Level 0.5 Short Blades
 + Level 2.3 Dodging
 + Level 2.2 Stealth
 + Level 2.4 Spellcasting
 + Level 1.7 Conjurations
 + Level 3.5 Fire Magic


You had 4 spell levels left.
You knew the following spells:

 Your Spells              Type           Power      Damage    Failure   Level
a - Foxfire               Conj/Fire      44%        2x1d6     6%          1
b - Scorch                Fire           30%        2d7       6%          2

Your spell library contained the following spells:

 Spells                   Type           Power      Damage    Failure   Level
 Magic Dart               Conj           32%        1d4       9%          1
 Searing Ray              Conj           16%        2d5       13%         2
 Momentum Strike          Conj/Tloc      10%        3d8       19%         2
 Blink                    Tloc           4%         N/A       26%         2
 Lesser Beckoning         Tloc           4%         N/A       26%         2
 Inner Flame              Hex/Fire       8%         N/A       26%         3
 Kindle Blastsparks       Fire/Tloc/Air  12%        2d11      32%         3
 Frozen Ramparts          Ice            4%         1d1       45%         3
 Flame Wave               Conj/Fire      11%        2d6       50%         4
 Fulminant Prism          Conj/Hex       2%         3d5       77%         4
 Ice Form                 Ice/Tmut       2%         N/A       86%         4
 Summon Ice Beast         Ice/Summ       2%         N/A       86%         4


Dungeon Overview and Level Annotations

Branches:
Dungeon (4/15)
 Temple: D:4-7

Altars:

Shops:
D:1 [   D:2 [   D:3 *

Annotations:
D:4 Robin


Innate Abilities, Weirdness & Mutations

Your plain brown scales are hard. (AC +5)
You cannot fit into any form of body armour.
You are cold-blooded and may be slowed by cold attacks.


Message History

You kill the adder!
The foxfire hits the ogre.
The ogre is lightly wounded.
You feel sick.
There is a stone staircase leading up here.
You feel sick.
You are no longer poisoned.
You climb upwards.
There is a stone staircase leading down here.
You start resting.
HP restored.
You start resting.
Magic restored.
Things that are here:
a +0 ring mail; a +0 dagger
There is a stone staircase leading down here.
You climb downwards.
Level annotation: Robin The goblin shouts! x2; The hobgoblin shouts!
There is a stone staircase leading up here.
As you read the scroll labelled DIODUA BOIXTE, it crumbles to dust.
The creatures around you are filled with an inner flame!
It was a scroll of immolation.
You hear a shout!
The goblin unwields a +0 dagger.
The goblin wields a +0 sling.
The goblin shoots a sling bullet.
The sling bullet hits you but does no damage.
Casting: Foxfire (safe; 6% risk of failure)
Confirm with . or Enter, or press ? or * to list all spells.
You miscast Foxfire.
You are very lightly contaminated with residual magic.
Nothing appears to happen.
The goblin shoots a sling bullet.
The sling bullet hits you.
Casting: Foxfire (safe; 6% risk of failure)
Confirm with . or Enter, or press ? or * to list all spells.
You conjure some foxfire!
The foxfire hits the goblin.
The goblin explodes!
The fiery explosion engulfs you!!!
Ouch! That really hurt!
You die...

###..#.....≈
#..........≈
#..........≈
..........≈
....g...
..... #v.##
#@§.# ##§§#
##.§#
##....g.
##....#....
#.....#......
#<..g# .##...
#..gg.#.. #..
#gg.g.o..


You could see a hobgoblin (inner flame) and a goblin (inner flame, ally target).

Vanquished Creatures
  2 adders
  A dart slug (D:2)
  An orc (D:3)
  7 bats
  5 endoplasms
  A giant cockroach (D:2)
  10 goblins
  4 hobgoblins
  4 jackals
  7 kobolds
  A quokka (D:3)
  5 ball pythons
  2 frilled lizards (D:1)
  6 rats
56 creatures vanquished.

Vanquished Creatures (others)
  46 foxfires
46 creatures vanquished.

Grand Total: 102 creatures vanquished

Notes
Turn   | Place    | Note
-------+----------+-------------------------------------------
     0 | D:1      | Pimp the Draconian Fire Elementalist began the quest for
                  | the Orb.
     0 | D:1      | Reached XP level 1. HP: 14/14 MP: 3/3
   259 | D:1      | Found Pusurokin's Armour Boutique.
   367 | D:1      | Reached XP level 2. HP: 20/20 MP: 5/5
   515 | D:1      | Learned a level 2 spell: Scorch
  1020 | D:2      | Reached XP level 3. HP: 27/27 MP: 1/6
  1305 | D:2      | Found Pyamaraw's Armour Shoppe.
  1698 | D:3      | Found Vaplet's General Store.
  2149 | D:4      | Noticed Robin
  2171 | D:3      | Reached XP level 4. HP: 8/34 MP: 4/7
  2175 | D:3      | Reached skill level 1 in Fighting
  2310 | D:4      | Noticed an ogre
  2413 | D:4      | Killed by an exploding goblin... ignited by their inner
                  | flame

Illustrated notes

Levels and vault maps discovered:
D:1:      giann_forest_graveyard, layout_basic, serial_shops, shop
D:2:      layout_basic, serial_shops, shop_statue
D:3:      layout_rooms, serial_shops, nicolae_diamond_shop,
          minmay_misc_feat_roman
D:4:      layout_cave_pools, nicolae_overflow_squiral, mrwooster_statue_mirror,
          uniq_robin, uniq_sigmund, uniq_pikel, uniq_crazy_yiuf_cottage

Skill      XL: |  1  2  3  4 |
---------------+-------------+-----
Stealth        | 2 |  2.2
Dodging        | 2 |  2.3
Fighting       | 1 |  1.0
Short Blades   | |  0.5
Spellcasting   | |  2.4
Conjurations   | |  1.7
Fire Magic     | |  3.5

Action                     |  1- 3 |  4- 6 || total
---------------------------+-------+-------++-------
  Melee: Dagger            |    33 |       ||    33
         Unarmed           |    22 |       ||    22
         Tailslap          |    12 |       ||    12
         Short sword       |    76 |     6 ||    82
   Cast: Foxfire           |    29 |     5 ||    34
         Scorch            |     5 |     4 ||     9
    Use: Potion            |     2 |     1 ||     3
         Scroll            |     4 |     2 ||     6
   Stab: Sleeping          |     5 |       ||     5
 Armour: Skin              |    76 |     3 ||    79
  Dodge: Dodged            |   126 |     8 ||   134

Table legend: (Time is in decaauts)
 A = Elapsed time spent in this place.
 B = Non-inter-level travel time spent in this place.
 C = Inter-level travel time spent in this place.
 D = Time resting spent in this place.
 E = Time spent auto-exploring this place.
 F = Levels seen in this place.
 G = Mean time per level.
                   A        B        C        D        E       F      G
               +--------+--------+--------+--------+--------+-----+--------+
         Total |   2412 |   2320 |     92 |    467 |   1281 |   4 |  603.0 |
       Dungeon |   2412 |   2320 |     92 |    467 |   1281 |   4 |  603.0 |
               +--------+--------+--------+--------+--------+-----+--------+

Top non-repeatable levels by time:
     D:3: 946 daAuts
     D:1: 874 daAuts
     D:2: 561 daAuts
     D:4: 29 daAuts
